 Dungeon Crawl Stone Soup version 0.29-a0-839-g4793fd635e (webtiles) character file.

Game seed: 3351353513156000365

364 Malachi the Magician (level 7, -7/46 HPs)
             Began as a Djinni Ice Elementalist on July 14, 2022.
             Was a Believer of the Shining One.
             Mangled by an ice beast (15 damage)
             ... on level 3 of the Dungeon.
             The game lasted 00:05:22 (3966 turns).

Malachi the Magician (Djinni Ice Elementalist)      Turns: 3966, Time: 00:05:22

Health: -7/46      AC: 11    Str:  7    XL:     7   Next: 0%
Gold:   209        EV: 12    Int: 18    God:    the Shining One [**....] SH:  0 Dex: 14

rFire   + + .      SeeInvis .   p - +0 dagger
rCold   x . .      Faith    .   (no shield)
rNeg    + . .      Spirit   .   a - +0 robe
rPois   ∞          Reflect  .   k - +0 helmet
rElec   .          Harm     .   (no cloak)
rCorr   .          Rampage  .   (no gloves)
Will    .....                   (boots unavailable)
Stlth   +.........              (no amulet)
HPRegen 0.15/turn               c - +4 ring of protection
MPRegen 0.00/turn               w - +4 ring of protection

@: flying, glowing
A: sickness immunity, fire resistance 2, cold vulnerability 1, float, innate
caster, HP casting, extra vitality 1
a: Renounce Religion, Divine Shield


You were on level 3 of the Dungeon.
You worshipped the Shining One.
The Shining One was pleased with you.
You visited 1 branch of the dungeon, and saw 4 of its levels.

You collected 209 gold pieces.

Inventory:

Hand Weapons
 p - a +0 dagger (weapon)
Armour
 a - a +0 robe (worn)
 k - a +0 helmet (worn)
 m - a scarf of shadows
Jewellery
 c - a +4 ring of protection (left hand)
 r - a ring of fire
 u - the ring of Ostablop {rPois rCorr}
   (You found it on level 3 of the Dungeon)

   [ring of resist corrosion]

   rPois:     It protects you from poison.
   rCorr:     It protects you from acid and corrosion.
 w - a +4 ring of protection (right hand)
Wands
 v - a wand of paralysis (4)
Scrolls
 e - a scroll of brand weapon {unknown}
 f - 2 scrolls of fear {unknown}
 i - a scroll of poison {unknown}
 j - 2 scrolls of blinking {unknown}
 n - a scroll of identify {unknown}
 o - a scroll of magic mapping {unknown}
 x - a scroll of noise {unknown}
Potions
 b - 2 potions of might {unknown}
 d - 4 potions of flight {unknown}
 g - a potion of heal wounds {unknown}
 h - a potion of ambrosia {unknown}
 l - a potion of curing {unknown}
 q - 2 potions of degeneration {unknown}
 s - a potion of experience {unknown}
 t - a potion of mutation {unknown}


   Skills:
 + Level 0.7 Fighting
 - Level 2.1 Dodging
 - Level 1.5 Stealth
 + Level 6.0 Spellcasting


You had one spell level left.
You knew the following spells:

 Your Spells              Type           Power      Damage    Failure   Level
a - Freeze                Ice            100%       1d11      1%          1
b - Frozen Ramparts       Ice            54%        1d7       3%          3
c - Ozocubu's Armour      Ice            27%        N/A       3%          3
d - Hailstorm             Conj/Ice       27%        3d7       10%         4
e - Slow                  Hex            100%       N/A       1%          1
f - Wereblood             Tmut           27%        N/A       1%          2
g - Stone Arrow           Conj/Erth      54%        3d10      3%          3
Your spell library was empty.

Dungeon Overview and Level Annotations

Branches:
Dungeon (4/15)
 Temple: D:4-7

Altars:
The Shining One


Innate Abilities, Weirdness & Mutations

You are immune to sickness and miasma.
You are immune to poison.
Your flesh is very heat resistant. (rF++)
You are vulnerable to cold. (rC-)
You float through the air rather than walking.
You learn spells naturally, not from books.
Your magical power is your life essence.
You have superior vitality. (+4 MHP)


Message History

The ice beast is lightly wounded.
You hit the ice beast but do no damage.
The ice beast is lightly wounded.
You hit the ice beast.
The ice beast is lightly wounded.
You hit the ice beast but do no damage.
The ice beast is lightly wounded.
You hit the ice beast but do no damage.
The ice beast is lightly wounded.
You hit the ice beast but do no damage.
The ice beast is lightly wounded.
You hit the ice beast.
The ice beast is lightly wounded.
You hit the ice beast.
The ice beast is moderately wounded.
You hit the ice beast.
The ice beast is moderately wounded.
You hit the ice beast.
The ice beast is heavily wounded.
You hit the ice beast but do no damage.
The ice beast is heavily wounded.
The ice beast is no longer paralysed.
The ice beast hits you but does no damage.
You hit the ice beast.
The ice beast is heavily wounded.
The ice beast hits you. The ice beast freezes you!
You feel a terrible chill!
* * * LOW HITPOINT WARNING * * *
You hit the ice beast but do no damage.
The ice beast is heavily wounded.
The ice beast misses you. The ice beast attacks as you move away!
The ice beast closely misses you. The ice beast attacks as you move away!
The ice beast hits you but does no damage.
The ice beast attacks as you move away! The ice beast closely misses you.
The ice beast attacks as you move away!
The ice beast hits you but does no damage.
The ice beast attacks as you move away! The ice beast hits you.
* * * LOW HITPOINT WARNING * * *
The ice beast freezes you!
You feel a terrible chill!
You die...

#....#....#............####..#
#.........#...#.....#######..#
#............................#
###...#+#####.#.##.#.######.##
#.........................).##
#........##.#.####.#.#########
####......#.##.#......#.# #
..........#.##.#.Y#####.#### #
####......#..#.#@.### #....## #
.....####...........# #.##..#####
...#.#######.#....#.# #.##.......
...#..........##.##.# #.##.≈.....
...#.######.#.##.##.# #.##.≈≈.≈..
.........<#.#..#.##.###.##..≈≈≈≈.
###########.##.#.##..........≈.≈.
..........#.##.#.##..............
...######.#.##.#.##.......#####.#


You could see an ice beast.

Vanquished Creatures
  A scorpion (D:3)
  An orc priest (D:2)
  Natasha (thrice) (D:2)
  An iguana (D:3)
  An orc wizard (D:2)
  6 adders
  4 dart slugs
  10 orcs
  8 endoplasms
  2 giant cockroaches
  5 goblins
  3 hobgoblins (D:1)
  3 jackals (D:3)
  6 ball pythons
  10 bats
  9 frilled lizards
  7 kobolds
  5 rats
85 creatures vanquished.

Notes
Turn   | Place    | Note
-------+----------+-------------------------------------------
     0 | D:1      | Malachi the Djinni Ice Elementalist began the quest for the
                  | Orb.
     0 | D:1      | Malachi set off with the following spells memorised:
                  | Freeze, Frozen Ramparts, Ozocubu's Armour, Hailstorm.
     0 | D:1      | Reached XP level 1. HP: 15/15 MP: 0/0
    93 | D:1      | Reached XP level 2. HP: 2/21 MP: 0/0
  1065 | D:1      | Reached XP level 3. HP: 24/25 MP: 0/0
  1065 | D:1      | Learned a level 1 spell: Slow
  1185 | D:1      | Reached skill level 4 in Spellcasting
  1318 | D:1      | Found a faded altar of an unknown god.
  1330 | D:1      | Prayed at the altar of an unknown god.
  1330 | D:1      | Became a worshipper of the Shining One
  1330 | D:1      | Reached * piety under the Shining One
  1690 | D:2      | Reached XP level 4. HP: 15/31 MP: 0/0
  1975 | D:2      | Noticed Natasha
  1987 | D:2      | Killed Natasha
  1988 | D:2      | Reached XP level 5. HP: 15/35 MP: 0/0
  1988 | D:2      | Learned a level 2 spell: Wereblood
  2004 | D:2      | Noticed Natasha
  2012 | D:2      | Killed Natasha
  2013 | D:2      | Reached skill level 5 in Spellcasting
  2106 | D:2      | Noticed Natasha
  2111 | D:2      | Killed Natasha
  2245 | D:2      | Reached XP level 6. HP: 38/41 MP: 0/0
  3108 | D:3      | Identified the ring of Ostablop {rPois rCorr}
  3893 | D:4      | Reached ** piety under the Shining One
  3894 | D:4      | Noticed an ice beast
  3901 | D:4      | Reached skill level 6 in Spellcasting
  3906 | D:4      | Reached XP level 7. HP: 40/46 MP: 0/0
  3906 | D:4      | Learned a level 3 spell: Stone Arrow
  3966 | D:3      | Mangled by an ice beast

Illustrated notes

Levels and vault maps discovered:
D:1:      dpeg_arrival_line_fractal, layout_basic,
          hellmonk_ecumenical_altar_pennies_from_heaven, minmay_lizard_pond
D:2:      layout_loops_ring, hex_large, uniq_natasha
D:3:      layout_basic, dk_vineyard_3, chequers_serial_rivers_small_3,
          minmay_misc_feat_rows, hangedman_decor_clover_reticule
D:4:      layout_gridville, enter_ossuary_2, nicolae_shop_i_like_big_books,
          minmay_misc_feat_ornament, minmay_crystal_room, uniq_duvessa

Skill      XL: |  1  2  3  4  5  6 |
---------------+-------------------+-----
Spellcasting   | 4 5 6 |  6.0
Fighting       | |  0.7
Dodging        | |  2.1
Stealth        | |  1.5

Action                   |  1- 3 |  4- 6 |  7- 9 || total
-------------------------+-------+-------+-------++-------
Melee: Unarmed           |     6 |    22 |       ||    28
       Dagger            |       |       |    24 ||    24
 Cast: Freeze            |    56 |    36 |       ||    92
       Frozen Ramparts   |       |    10 |       ||    10
Evoke: Wand              |       |       |     4 ||     4
  Use: Scroll            |       |     1 |       ||     1
Armor: Robe              |    17 |    44 |     9 ||    70
Dodge: Dodged            |    40 |    60 |     7 ||   107

Table legend: (Time is in decaauts)
 A = Elapsed time spent in this place.
 B = Non-inter-level travel time spent in this place.
 C = Inter-level travel time spent in this place.
 D = Time resting spent in this place.
 E = Time spent auto-exploring this place.
 F = Levels seen in this place.
 G = Mean time per level.
                   A        B        C        D        E       F      G
               +--------+--------+--------+--------+--------+-----+--------+
         Total |   3970 |   3830 |    140 |    340 |   2995 |   4 |  992.5 |
       Dungeon |   3970 |   3830 |    140 |    340 |   2995 |   4 |  992.5 |
               +--------+--------+--------+--------+--------+-----+--------+

Top non-repeatable levels by time:
     D:1: 1668 daAuts
     D:2: 1173 daAuts
     D:3: 1108 daAuts
     D:4: 20 daAuts
